 Dungeon Crawl Stone Soup version 0.31-a0-1300-gb6740aa4e6 (webtiles) character file.

Game seed: 12233945151425112076

8196 grandjackal the Fighter (level 11, 0/83 (101) HPs)
             Began as a Red Draconian Gladiator on Dec 18, 2023.
             Was the Champion of Okawaru.
             Slain by a spectral orc knight
             ... wielding a +0 war axe
             ... summoned by Nergalle
              (6 damage)
             ... on level 10 of the Dungeon on Dec 19, 2023.
             The game lasted 00:15:26 (10014 turns).

grandjackal the Fighter (Red Draconian Gladiator)  Turns: 10014, Time: 00:15:27

HP:   0/83 (101)    AC: 11    Str: 16    XL:     11   Next: 6%
MP:   14/14         EV: 22    Int: 10    God:    Okawaru [******]
Gold: 766           SH:  0    Dex: 16    Spells: 10/10 levels left

rFire   + . .        B - +3 scimitar
rCold   . . .        (no shield)
rNeg    . . .        (body armour unavailable)
rPois   +            b - +2 hat
rElec   .            n - +0 cloak
rCorr   .            i - +0 pair of gloves
SInv    .            (no boots)
Will    .....        e - amulet of faith
Stlth   +            h - ring of poison resistance
HPRegen 0.33/turn    s - +5 ring of evasion
MPRegen 0.14/turn

%: faith
@: short of breath, heavily drained
A: breathe fire, AC +7, unfitting armour, fire resistance 1, cold-blooded
a: Breathe Fire, Renounce Religion, Heroism, Finesse, Duel, Receive Weapon,
Receive Armour


You were on level 10 of the Dungeon.
You worshipped Okawaru.
Okawaru was exalted by your worship.
You visited 2 branches of the dungeon, and saw 11 of its levels.
You also visited: Sewer and Ossuary.

You collected 909 gold pieces.
You spent 143 gold pieces at shops.

Inventory:

Hand Weapons
 B - a +3 scimitar (weapon)
Missiles
 d - 3 javelins
 l - 25 poisoned darts (quivered)
Armour
 b - a +2 hat (worn)
 i - a +0 pair of gloves (worn)
 n - a +0 cloak (worn)
Jewellery
 e - an amulet of faith (around neck)
 h - a ring of poison resistance (left hand)
 s - a +5 ring of evasion (right hand)
 A - an amulet of reflection
Wands
 c - a wand of roots (4)
 f - a wand of flame (9)
 x - a wand of paralysis (8)
 z - a wand of mindburst (23)
 J - a wand of digging (4)
Scrolls
 j - a scroll of fear {unknown}
 k - 6 scrolls of teleportation
 o - a scroll of acquirement {unknown}
 q - 3 scrolls of vulnerability
 t - a scroll of silence {unknown}
 u - a scroll of revelation {unknown}
 w - 2 scrolls of amnesia {unknown}
 y - 2 scrolls of noise {unknown}
 D - a scroll of blinking
 E - 3 scrolls of fog {unknown}
 G - a scroll of enchant armour
 H - a scroll of butterflies {unknown}
Potions
 a - a potion of enlightenment
 g - 3 potions of brilliance
 m - 4 potions of lignification
 p - 3 potions of heal wounds
 r - 4 potions of might
 v - 4 potions of curing
 C - a potion of degeneration
 F - a potion of berserk rage
 I - a potion of ambrosia
 K - a potion of attraction
 L - a potion of cancellation {unknown}
 M - a potion of invisibility {unknown}
 N - a potion of haste


   Skills:
 + Level 10.8 Fighting
 + Level 10.0 Long Blades
 - Level 2.2 Throwing
 + Level 9.2 Dodging
 + Level 4.7 Invocations


You had 10 spell levels left.
You didn't know any spells.
Your spell library contained the following spells:

 Spells                   Type           Power      Damage    Failure   Level
 Blink                    Tloc           0%         N/A       50%         2
 Poisonous Vapours        Pois/Air       0%         N/A       50%         2
 Mephitic Cloud           Conj/Pois/Air  0%         N/A       75%         3
 Manifold Assault         Tloc           0%         N/A       98%         4
 Freezing Cloud           Conj/Ice/Air   0%         6-21      100%        5
 Dispersal                Tloc           0%         N/A       100%        6
 Disjunction              Tloc           0%         N/A       100%        8


Dungeon Overview and Level Annotations

Branches:
Dungeon (10/15)            Temple (1/1) D:4           Sewer (visited)
Ossuary (visited)
   Lair: D:8-11         Orc: D:9-12

Altars:
Ashenzari
Cheibriados
Dithmenos
Elyvilon
Fedhas
Gozag
Hepliaklqana
Kikubaaqudgha
Makhleb
Nemelex Xobeh
Okawaru
Qazlal
Ru
Sif Muna
Trog
Vehumet
Wu Jian
Xom
Yredelemnul
Zin
The Shining One

Shops:
D:5 ([*   D:8 *

Annotations:
D:10 Nergalle


Innate Abilities, Weirdness & Mutations

You can breathe blasts of fire.
Your fiery red scales are hard. (AC +7)
You cannot fit into any form of body armour.
Your flesh is heat resistant. (rF+)
You are cold-blooded and may be slowed by cold attacks.


Message History

You tail-slap Nergalle, but do no damage.
Nergalle is almost dead.
The yak closely misses you.
The scorpion stings you but does no damage.
Nergalle is engulfed in blazing flames.
Nergalle hits you with a +0 dagger.
The spectral orc knight hits you with a +0 war axe!
* * * LOW HITPOINT WARNING * * *
You feel drained.
* * * LOW HITPOINT WARNING * * *
The spectral orc warrior misses you.
Aiming: Mindburst
Press: ? - help, Shift-Dir - straight line, f/p - Nergalle
Aim: Nergalle, wielding a +0 dagger, wearing a +0 robe and wearing a ring of fire (almost dead, chance to affect: 29%)
Okay, then.
Unknown command.
Blink to where?
Press: ? - help, Dir - move target, p - Nergalle
As you read the scroll of blinking, it crumbles to dust.
You have got your breath back.
The spectral orc knight hits you with a +0 war axe.
* * * LOW HITPOINT WARNING * * *
You hit the spectral orc knight.
The spectral orc knight is lightly damaged.
The yak snorts and paws the ground.
The spectral orc knight misses you.
You hit the spectral orc knight but do no damage.
The spectral orc knight is lightly damaged.
Nergalle gestures at the spectral orc knight while chanting.
The spectral orc knight seems to speed up.
Aiming: Breathe Fire (3% risk of failure)
Press: ? - help, Shift-Dir - straight line, f - Nergalle
Aim: Nergalle, wielding a +0 dagger, wearing a +0 robe and wearing a ring of fire (translocational energy, almost dead, 64% to hit)
You breathe a blast of fire.
The fiery breath hits the spectral orc knight!
The spectral orc knight is moderately damaged.
The fiery breath misses Nergalle.
The spectral orc knight hits you with a +0 war axe!
* * * LOW HITPOINT WARNING * * *
You feel drained.
You die...

#....#..# .
#....#.#####~....≈≈ ......
#....#......~..~≈~S ......
#....#......#..~~≈≈###.....o
.....'......+..~≈ #......P..
#....#......##..~ #........P
#....#.###+###..# #ZY.......
#....#.###.###..###YY...P..P
###.............@ZoYY...PP♣
#.######.###..###s........
#. #.###..# #.......P. #.
##.....# ##........ #.##..#
###.P.... #.##..# .P....
).....# .#.... ##.###..
<...P. #.# ####


You could see Nergalle, a spectral orc knight (summoned, fast), 4 yaks and a
scorpion.

Vanquished Creatures
  A two-headed ogre (D:9)
  Pikel (D:4)
  An orc knight (D:9)
  A manticore (D:9)
  Jeremiah (D:8)
  A komodo dragon (D:5)
  2 trolls (D:9)
  Sigmund (D:5)
  A shadow (D:9)
  3 steam dragons
  2 wyverns (D:9)
  Menkaure (Ossuary)
  An acid dragon (D:8)
  2 water moccasins
  8 orc warriors
  2 ice beasts
  A sky beast (D:8)
  An ogre (D:5)
  2 centaurs
  A phantom (D:5)
  2 lemures (D:4)
  2 kobold brigands
  4 bullfrogs
  2 scorpions
  4 wights (D:7)
  3 killer bees (D:9)
  3 howler monkeys
  2 centaur zombies (Ossuary)
  2 jellies
  5 orc priests
  2 gnoll boudas (D:5)
  9 hounds
  2 iguanas (D:6)
  12 orc wizards
  3 sleepcaps
  3 ogre zombies (Ossuary)
  6 mummies (Ossuary)
  Robin (D:3)
  17 gnolls (D:5)
  10 adders
  A shadow imp (D:6)
  2 white imps
  4 ufetubi
  3 adder zombies (Ossuary)
  A worm (D:5)
  2 dart slugs
  54 orcs
  11 ball pythons
  10 endoplasms
  12 giant cockroaches (Sewer)
  14 goblins
  8 hobgoblins
  11 jackals (D:5)
  15 kobolds
  5 quokkas
  5 bats
  15 frilled lizards
  8 goblin zombies (Ossuary)
  3 hobgoblin zombies (Ossuary)
  4 kobold zombies (Ossuary)
  4 quokka zombies (Ossuary)
  5 rats
  3 rat zombies (Ossuary)
328 creatures vanquished.

Vanquished Creatures (others)
  A sky beast (D:7)
  A kobold (D:7)
2 creatures vanquished.

Grand Total: 330 creatures vanquished

Notes
Turn   | Place    | Note
-------+----------+-------------------------------------------
     0 | D:1      | grandjackal the Draconian Gladiator began the quest for the
                  | Orb.
     0 | D:1      | Reached XP level 1. HP: 17/17 MP: 1/1
   465 | D:1      | Reached XP level 2. HP: 25/25 MP: 2/2
   999 | D:2      | Found a faded altar of an unknown god.
  1047 | D:2      | Reached XP level 3. HP: 27/30 MP: 3/3
  2054 | D:4      | Noticed Robin
  2123 | D:4      | Reached XP level 4. HP: 38/38 MP: 4/4
  2160 | D:3      | Killed Robin
  2391 | D:4      | Found a staircase to the Ecumenical Temple.
  2412 | Temple   | Entered the Ecumenical Temple
  2437 | Temple   | Became a worshipper of Warmaster Okawaru
  2495 | D:4      | Noticed a lemure
  2497 | D:4      | Noticed a lemure
  2502 | D:4      | Killed a lemure
  2515 | D:4      | Killed a lemure
  2576 | D:4      | Noticed Pikel
  2577 | D:4      | Noticed a lemure
  2586 | D:4      | Noticed a lemure
  2599 | D:4      | Killed Pikel
  2599 | D:4      | Reached * piety under Okawaru
  2599 | D:4      | Reached ** piety under Okawaru
  2599 | D:4      | Reached *** piety under Okawaru
  2600 | D:4      | Reached skill level 5 in Fighting
  2600 | D:4      | Reached skill level 5 in Long Blades
  2600 | D:4      | Reached XP level 5. HP: 18/48 MP: 5/5
  2600 | D:4      | Reached XP level 6. HP: 21/56 MP: 6/6
  2600 | D:4      | Your scales start taking on a fiery red colour.
  2600 | D:4      | Reached XP level 7. HP: 23/61 MP: 7/7
  2600 | D:4      | Gained mutation: Your flesh is heat resistant. (rF+) [Red
                  | Draconian growth]
  2736 | D:4      | You fall into a shaft and drop 3 floors!
  2994 | D:7      | Reached skill level 5 in Dodging
  3090 | D:7      | Reached **** piety under Okawaru
  3091 | D:7      | Reached XP level 8. HP: 52/70 MP: 8/8
  3438 | D:5      | Entered Level 5 of the Dungeon
  3545 | D:5      | Found a glowing drain.
  3557 | Sewer    | Entered a sewer
  3818 | Sewer    | Reached ***** piety under Okawaru
  3910 | D:5      | Found Vuotoig's Antique Weapon Boutique.
  3984 | D:5      | Reached XP level 9. HP: 79/81 MP: 9/9
  4077 | D:5      | Noticed Sigmund
  4084 | D:5      | Found Cokig's General Store.
  4101 | D:5      | Killed Sigmund
  4113 | D:5      | Bought a scroll of teleportation for 33 gold pieces
  4113 | D:5      | Bought a potion of lignification for 33 gold pieces
  4113 | D:5      | Bought a scroll of vulnerability for 44 gold pieces
  4113 | D:5      | Bought a potion of attraction for 33 gold pieces
  4288 | D:5      | Found Jedefefe's Armour Shop.
  4439 | D:5      | Noticed a komodo dragon
  4449 | D:5      | Killed a komodo dragon
  4449 | D:5      | Received a gift from Okawaru
  6117 | D:8      | Found a sand-covered staircase.
  6161 | Ossuary  | Entered an ossuary
  6202 | Ossuary  | Noticed Menkaure
  6242 | Ossuary  | Killed Menkaure
  6243 | Ossuary  | Reached XP level 10. HP: 26/91 MP: 10/10
  6802 | D:8      | Received a gift from Okawaru
  6972 | D:8      | Found Zeriud's Island Escapes.
  7053 | D:8      | Noticed Jeremiah
  7283 | D:8      | Killed Jeremiah
  7284 | D:8      | Reached skill level 1 in Invocations
  8740 | D:9      | Reached skill level 10 in Fighting
  8864 | D:9      | Noticed a two-headed ogre
  8872 | D:9      | Killed a two-headed ogre
  8896 | D:9      | Received a gift from Okawaru
  9096 | D:9      | Noticed a manticore
  9103 | D:9      | Killed a manticore
  9567 | D:9      | Noticed an orc knight
  9590 | D:9      | Killed an orc knight
  9590 | D:9      | Reached ****** piety under Okawaru
  9610 | D:9      | Reached XP level 11. HP: 46/101 MP: 14/14
  9618 | D:9      | Reached skill level 10 in Long Blades
  9936 | D:10     | Entered Level 10 of the Dungeon
  9994 | D:10     | Received a gift from Okawaru
  9995 | D:10     | Noticed Nergalle
 10014 | D:10     | Slain by a spectral orc knight

Illustrated notes

Levels and vault maps discovered:
D:1:      dpeg_arrival_castle, layout_basic
D:2:      layout_rooms, basic_ecumenical_altar, minmay_tetromino_l2
D:3:      layout_basic
D:4:      layout_cave_pools, minmay_temple_entry_slanted, serial_shops, shop,
          dk_noncrumbling_3, uniq_robin, uniq_pikel
D:5:      lemuel_castle_with_subvaults [lemuel_castle_interior_original],
          layout_rooms, cheibrodos_sewer_entry_bend, serial_shops, shop,
          kennysheep_mini_moat, nicolae_shop_behind_doors, grunt_ministairs_13,
          nicolae_twisty_statue_hallways, uniq_sigmund
D:6:      layout_basic
D:7:      layout_loops_ring
D:8:      layout_layer_cave, lightli_ossuary_entry_decrepit_ruins,
          nrook_mini_vaults, nicolae_island_escapes, uniq_jeremiah
D:9:      layout_irregular_city, kennysheep_big_empty_room, minmay_statues_item,
          lightli_church_of_beogh
D:10:     layout_basic, nicolae_uskayaw_suspiria, minmay_lair_entry_grove,
          uniq_joseph, uniq_nergalle
Temple:   compressed_dpeg_triangle_lava_temple

Skill      XL: |  1  2  3  4  5  6  7  8  9 10 11 |
---------------+----------------------------------+-----
Throwing       | 2 |  2.2
Dodging        | 3 4 5 6 8 9 |  9.2
Fighting       | 3 5 6 7 9 10 | 10.8
Long Blades    | 5 6 7 8 9 10 | 10.0
Invocations    | 4 |  4.7

Action                     |  1- 3 |  4- 6 |  7- 9 | 10-12 || total
---------------------------+-------+-------+-------+-------++-------
  Melee: Long sword        |   139 |    71 |    33 |       ||   243
         Tailslap          |     6 |    13 |    51 |    47 ||   117
         Punch             |       |     1 |     6 |     3 ||    10
         Scimitar          |       |       |   452 |   300 ||   752
Ability: Breathe Fire      |       |       |     7 |    13 ||    20
  Evoke: Wand              |       |     1 |       |       ||     1
    Use: Scroll            |       |       |     2 |    10 ||    12
   Stab: Paralysed         |       |     5 |       |       ||     5
         Sleeping          |       |       |     3 |     4 ||     7
 Armour: Skin              |    78 |    40 |   158 |   125 ||   401
  Dodge: Dodged            |   100 |    90 |   473 |   278 ||   941

Table legend: (Time is in decaauts)
 A = Elapsed time spent in this place.
 B = Non-inter-level travel time spent in this place.
 C = Inter-level travel time spent in this place.
 D = Time resting spent in this place.
 E = Time spent auto-exploring this place.
 F = Levels seen in this place.
 G = Mean time per level.
                   A        B        C        D        E       F      G
               +--------+--------+--------+--------+--------+-----+--------+
         Total |  10120 |   9759 |    361 |   1216 |   5943 |  13 |  778.5 |
       Dungeon |   9137 |   8789 |    348 |   1033 |   5676 |  10 |  913.7 |
        Temple |     43 |     30 |     13 |      0 |      0 |   1 |   43.0 |
         Sewer |    345 |    345 |      0 |      0 |     55 |   1 |  345.0 |
       Ossuary |    594 |    594 |      0 |    183 |    212 |   1 |  594.0 |
               +--------+--------+--------+--------+--------+-----+--------+

Top non-repeatable levels by time:
     D:8: 1828 daAuts
     D:5: 1481 daAuts
     D:9: 1344 daAuts
     D:7: 880 daAuts
     D:3: 845 daAuts
     D:1: 840 daAuts
     D:6: 783 daAuts
 Ossuary: 594 daAuts
     D:2: 548 daAuts
     D:4: 507 daAuts
   Sewer: 345 daAuts
    D:10: 77 daAuts
  Temple: 43 daAuts
